 Dungeon Crawl Stone Soup version 0.21-a0-140-g479285b (webtiles) character file.

344 Leszczynek the Archer (level 6, 0/35 HPs)
             Began as a Deep Elf Hunter on July 21, 2017.
             Was an Initiate of Okawaru.
             Slain by an ogre
             ... wielding a +0 giant spiked club
              (5 damage)
             ... on level 5 of the Dungeon.
             The game lasted 00:21:49 (4123 turns).

Leszczynek the Archer (Deep Elf Hunter)             Turns: 4123, Time: 00:21:50

Health: 0/35       AC:  6    Str: 11    XL:     6   Next: 31%
Magic:  8/8        EV: 11    Int: 16    God:    Okawaru [......]
Gold:   264        SH:  0    Dex: 15    Spells: 5/5 levels left

rFire    . . .     SeeInvis .   b - +0 short sword
rCold    . . .     Gourm    .   (no shield)
rNeg     . . .     Faith    .   j - +0 ring mail
rPois    .         Spirit   .   (no helmet)
rElec    .         Reflect  .   (no cloak)
rCorr    .         Harm     .   (no gloves)
MR       .....                  q - +0 pair of boots
Stlth    +.........             (no amulet)
HPRegen  0.11/turn              (no ring)
MPRegen  0.11/turn              (no ring)

@: no status effects
A: no striking features
a: Renounce Religion


You were on level 5 of the Dungeon.
You worshipped Okawaru.
Okawaru was noncommittal.
You were very hungry.

You visited 1 branch of the dungeon, and saw 5 of its levels.

You collected 264 gold pieces.

Inventory:

Hand Weapons
 a - a +1 shortbow
 b - a +0 short sword (weapon)
 w - a +3 flail of draining
 x - a +0 scimitar
 y - a +0 hunting sling
Missiles
 f - an arrow
 o - a throwing net (quivered)
 z - 140 stones
Armour
 c - a +0 leather armour
 j - a +0 ring mail (worn)
 q - a +0 pair of boots (worn)
Scrolls
 e - 2 scrolls of remove curse {@r2}
 g - 2 scrolls of enchant weapon
 l - 2 scrolls of teleportation {unknown}
 m - a scroll of blinking {unknown}
 p - a scroll of noise {unknown}
 r - a scroll of fear {unknown}
 s - 2 scrolls of recharging {unknown}
 v - a scroll of enchant armour {unknown}
 A - a scroll of fog {unknown}
Potions
 h - a potion of might
 i - 2 potions of haste
 k - 4 potions of curing {@q1}
 n - a potion of lignification {unknown}
 B - a potion of mutation {unknown}
Books
 t - a book of Geomancy

   Spells                             Type                      Level
   a - Sandblast                      Earth                        1
   b - Passwall                       Transmutation/Earth          2
   c - Stone Arrow                    Conjuration/Earth            3
   d - Petrify                        Transmutation/Earth          4
   e - Lee's Rapid Deconstruction     Earth                        5
Comestibles
 d - 7 bread rations
 u - 3 fruits
 C - a royal jelly


   Skills:
 + Level 2.0 Fighting
 - Level 8.2 Bows
 - Level 2.4 Dodging
 - Level 1.2 Stealth


You had 5 spell levels left.
You didn't know any spells.

Dungeon Overview and Level Annotations

Branches:
Dungeon (5/15)
 Temple: D:4-7

Altars:
Ashenzari
Elyvilon
Makhleb
Okawaru
Qazlal
Vehumet
The Shining One

Annotations:
D:4 Ijyb


Message History

You feel yourself slow down.
You aren't carrying any items that you can evoke.
Unknown command.
Firing (i - inventory. (,) - cycle):
z - 141 stones (quivered)
Press: ? - help, Shift-Dir - straight line, f/p - ogre
Aim: an ogre, wielding a giant spiked club (almost dead)
You shoot a stone. The stone barely misses the ogre.
Wield which item (- for none, * to show all)? (? for menu, Esc to quit)
b - a +0 short sword (weapon)
You barely miss the ogre.
The ogre is severely wounded.
The ogre hits you with a giant spiked club!
* * * LOW HITPOINT WARNING * * *
You hit the ogre.
The ogre is almost dead.
The ogre closely misses you.
You barely miss the ogre.
The ogre is almost dead.
The ogre hits you with a giant spiked club.
You die...

..#.....#......#...#..(..#
..#.... #......#...#.....#
..#... #......#...#.....#
..#######......#...#.....#
..J............#...#.....#
...............'...#.....#
.......5.......#...#.....#
...............#####.....#
.5..............@O.......#
.........................#
.........................#
###.......#####..........#
#.......+..>#..........#
#.......#...#..........#
#.......#...######.....#
#.......#........#.....#
###.......#...##...#.....#


You could see an ogre.

Vanquished Creatures
  A jelly (D:5)
  An orc priest (D:4)
  An orc wizard (D:4)
  2 worker ants (D:4)
  4 gnolls (D:2)
  6 adders
  An adder zombie (D:5)
  An adder skeleton (D:5)
  2 worms
  2 dart slugs (D:3)
  A leopard gecko (D:4)
  6 orcs
  7 bats
  2 giant cockroaches
  18 goblins
  8 hobgoblins
  8 jackals
  6 kobolds
  A quokka (D:4)
  3 frilled lizards
  8 rats
89 creatures vanquished.

Notes
Turn   | Place    | Note
-------+----------+-------------------------------------------
     0 | D:1      | Leszczynek the Deep Elf Hunter began the quest for the Orb.
     0 | D:1      | Reached XP level 1. HP: 12/12 MP: 3/3
   203 | D:1      | Reached XP level 2. HP: 16/16 MP: 4/4
   248 | D:1      | Reached skill level 5 in Bows
   513 | D:2      | Found a radiant altar of Vehumet.
   662 | D:2      | Reached XP level 3. HP: 20/20 MP: 5/5
   982 | D:2      | Found a white marble altar of Elyvilon.
  1324 | D:3      | Reached skill level 6 in Bows
  1382 | D:4      | Found a glowing golden altar of the Shining One.
  1383 | D:4      | again, the first non speedrun attempt
  1383 | D:4      | and d:2 vehumet, d:4 tso arrive
  1416 | D:4      | Reached XP level 4. HP: 25/25 MP: 6/6
  1526 | D:3      | Found a burning altar of Makhleb.
  1532 | D:3      | and d:3 makhleb
  1766 | D:2      | Found an iron altar of Okawaru.
  1790 | D:2      | Became a worshipper of Warmaster Okawaru
  1791 | D:2      | time for another boring oka game
  2029 | D:2      | Reached skill level 7 in Bows
  2029 | D:2      | Reached XP level 5. HP: 17/29 MP: 7/7
  2178 | D:4      | Found a shattered altar of Ashenzari.
  2184 | D:4      | Noticed Ijyb
  2214 | D:4      | 7 arrows left ;_;
  2339 | D:4      | Noticed a fire elemental
  2341 | D:4      | Found a stormy altar of Qazlal.
  2342 | D:4      | Noticed a water elemental
  2342 | D:4      | Noticed an air elemental
  2744 | D:5      | Entered Level 5 of the Dungeon
  2856 | D:5      | Noticed an ogre
  2893 | D:5      | Noticed an ogre
  3231 | D:4      | Reached skill level 8 in Bows
  3231 | D:4      | Reached XP level 6. HP: 19/34 MP: 8/8
  4029 | D:5      | Ouch! That really hurt!
  4082 | D:5      | Reached skill level 2 in Fighting
  4121 | D:5      | HP: 4/35 [ogre/giant spiked club (17)]
  4123 | D:5      | Slain by an ogre

Vault maps used:
D:1:      eino_arrival_cavern_a, minmay_misc_feat_five
D:2:      vehumet_crystals, nicolae_overflow_hidden_temple, old_standard_altar,
          first_bread, cheibrodos_gnoll_hut
D:3:      bloody_makhleb
D:4:      nicolae_qazlal_style_of_elements, cheibrodos_ashenzari_chains,
          nicolae_overflow_crystal_walls, uniq_robin, uniq_ijyb
D:5:      lemuel_round_altar, uniq_edmund, uniq_menkaure

Skill      XL: |  1  2  3  4  5  6 |
---------------+-------------------+-----
Bows           | 5 6 7 8 |  8.2
Fighting       | 2 |  2.0
Dodging        | |  2.4
Stealth        | |  1.2

Action                   |  1- 3 |  4- 6 || total
-------------------------+-------+-------++-------
Melee: Short sword       |    76 |   105 ||   181
       Flail             |       |    62 ||    62
 Fire: Shortbow          |    49 |    74 ||   123
       Hunting sling     |       |    19 ||    19
Throw: Throwing net      |       |     1 ||     1
  Use: Potion            |       |     2 ||     2
       Scroll            |       |     4 ||     4
 Stab: Sleeping          |       |     1 ||     1
  Eat: Chunk             |     2 |     7 ||     9
       Fruit             |       |     1 ||     1
Armor: Leather armour    |     3 |       ||     3
       Ring mail         |    22 |    76 ||    98
Dodge: Dodged            |    62 |   142 ||   204
